Map: Ultralove

Players

jeannysu - Winner!

  • Race: Protoss Protoss
  • Spawn Location: 7:00

VOD

Have the link to the VOD?

Description

Time

  • Played on: Sept. 5, 2025, 5:42 a.m.
  • Length: 15:14
Show
View Real Time Build Order
Export as new Build Order

jeannysu Protoss - Winner!

Build Orders:  

Get SALT Encoding   

  12  0:06  Probe (Chrono Boost)  
  13  0:23  Probe (Chrono Boost)  
  14  0:31  Pylon  
  15  0:40  Probe (Chrono Boost)  
  15  0:54  Assimilator  
  15  0:58  Probe (Chrono Boost)  
  16  1:03  Gateway  
  16  1:10  Probe (Chrono Boost)  
  17  1:21  Probe (Chrono Boost)  
  18  1:35  Probe (Chrono Boost)  
  18  1:36  Pylon  
  19  1:52  Probe (Chrono Boost)  
  20  2:09  Probe (Chrono Boost)  
  21  2:20  Cybernetics Core  
  21  2:35  Nexus  
  21  2:43  Zealot  
  23  3:01  Assimilator  
  24  3:21  Probe (Chrono Boost)  
  24  3:23  Sentry  
  26  3:35  Probe (Chrono Boost)  
  26  3:38  Twilight Council  
  27  3:46  Probe (Chrono Boost)  
  28  3:58  Probe (Chrono Boost)  
  28  4:02  Stalker  
  31  4:14  Pylon  
  31  4:16  Warp Gate  
  31  4:17  Probe (Chrono Boost)  
  31  4:18  Probe (Chrono Boost)  
  32  4:29  Probe (Chrono Boost)  
  33  4:34  Probe (Chrono Boost)  
  35  4:43  Probe (Chrono Boost)  
  37  4:51  Probe (Chrono Boost)  
  38  5:00  Probe (Chrono Boost)  
  38  5:08  Probe (Chrono Boost)  
  39  5:13  Gateway  
  39  5:15  Gateway  
  39  5:21  Gateway  
  39  5:27  Pylon  
  39  5:32  Stalker  
  43  5:40  Probe x2 (Chrono Boost)  
  43  5:57  Probe x2 (Chrono Boost)  
  45  6:05  Shield Battery  
  45  6:07  Shield Battery  
  45  6:11  Shield Battery  
  45  6:14  Probe x2 (Chrono Boost)  
  45  6:19  Assimilator  
  47  6:21  Assimilator  
  47  6:26  Zealot  
  51  6:31  Probe x2 (Chrono Boost), Blink  
  51  6:39  Templar Archives  
  51  6:47  Pylon, Probe (Chrono Boost)  
  52  6:51  Gateway  
  52  7:06  Probe (Chrono Boost)  
  52  7:09  Stalker x3  
  59  7:23  Probe (Chrono Boost)  
  60  7:32  Pylon  
  60  7:41  Forge  
  60  7:42  Forge  
  60  7:47  Probe (Chrono Boost)  
  60  7:49  Psionic Storm  
  61  7:51  High Templar x2  
  61  7:55  Zealot x2  
  68  8:15  Nexus  
  68  8:28  Pylon  
  68  8:36  Stalker x3  
  74  8:48  High Templar  
  76  8:50  Charge  
  76  8:55  Protoss Ground Weapons Level 1  
  76  9:02  Zealot  
  76  9:09  Pylon  
  78  9:11  Pylon  
  78  9:15  Pylon  
  78  9:25  Assimilator  
  78  9:28  Shield Battery  
  78  9:30  Assimilator  
  78  9:31  Shield Battery  
  78  9:34  Photon Cannon  
  78  9:38  Photon Cannon  
  78  9:42  Zealot x2  
  82  9:50  High Templar x2  
  86  10:04  Robotics Facility  
  86  10:05  Protoss Ground Armor Level 1  
  86  10:25  Probe (Chrono Boost)  
  86  10:26  Probe x2 (Chrono Boost)  
  89  10:30  Pylon  
  89  10:38  Zealot x2  
  93  10:42  Probe (Chrono Boost)  
  93  10:43  Probe x2 (Chrono Boost)  
  96  10:58  Gateway  
  96  10:59  Probe (Chrono Boost)  
  99  11:00  Probe x2 (Chrono Boost)  
  99  11:01  Gateway  
  99  11:05  Gateway  
  99  11:06  Gateway  
  99  11:14  Robotics Facility  
  99  11:16  Probe (Chrono Boost)  
  102  11:22  Probe x2 (Chrono Boost)  
  102  11:30  Warp Prism  
  102  11:33  Probe (Chrono Boost)  
  102  11:39  Probe (Chrono Boost), Zealot x2  
  110  11:54  Sentry  
  110  11:55  Sentry x2  
  105  12:15  Observer  
  99  12:26  Zealot x3  
  99  12:27  Zealot x6  
  118  12:40  Observer  
  117  12:58  Zealot x5  
  117  12:59  Zealot x3  
  133  13:41  Pylon  
  133  13:45  Pylon  
  133  13:47  Pylon  
  133  13:50  Pylon  
  133  13:52  Pylon  
  133  13:53  Pylon  
  133  13:56  Pylon  
  133  14:01  Pylon  
  133  14:03  Pylon  
  133  14:05  Pylon  
  133  14:07  Pylon  
  133  14:24  Stalker x7  
  133  14:25  Stalker x2  
Tags
 
Matchup
Co-op
Replay Pack
새 폴더
Add a new tag
Caveats
  • Supply blocks, unpowered buildings, or Contaminate may cause inaccurate times.
  • Supply counts are checked every 10 seconds.